Zazza, neutral female human Tourist ------- ------ |.....| #-....+## |......f ###|....| # ------------ |.....|# ######.<...|######...........| ------- |.....|h ------------- ### ------# # |.[...>....| |.....| |...*.|# |`.........`| ############ ###|..........| |......##### -----|-# |.....`......### #...........| |.....| # # # |...-----...| |..........| ------- ### # # |.....{.|...|##### |..........| # # ### |..`|{.{|`..| ------------ ###--------.-- # |...|.{.|...| #..........| ###|...-----...| |.........| #-.....`.....| |.......^.| |`.........`| ----------- ------------- Zazza the Rambler Experience level: 1 Strength: 10 Dexterity: 15 Constitution: 15 Intelligence: 10 Wisdom: 11 Charisma: 18 Health: 0(10) Energy: 2(2) Def: 0 Gold: 1377 Moves: 1813 Dungeon seed: HGWwjW-Zg5cXXK8t Game ID: Zazza_1618994097 Your Inventory: Coins $ - 1377 gold pieces Weapons a - 23 +2 darts (in quiver) s - a +0 dagger (weapon in hand) C - a +0 axe F - 7 +0 arrows M - a cursed -1 elven dagger Armor e - an uncursed +0 Hawaiian shirt (being worn) n - an uncursed +0 leather jacket r - an uncursed +0 orcish helm Comestibles b - 4 uncursed tripe rations c - 5 uncursed food rations d - 2 uncursed apples f - 2 uncursed eggs v - an uncursed tin of lichen z - an uncursed tin of brown mold A - an uncursed lichen corpse Scrolls i - an uncursed scroll of magic mapping l - an uncursed scroll of confuse monster m - an uncursed scroll of teleportation w - an uncursed scroll of fire x - an uncursed scroll of identify E - an uncursed scroll of scare monster K - a cursed scroll of enchant weapon Spellbooks q - an uncursed spellbook of magic missile B - an uncursed spellbook of confuse monster L - an uncursed spellbook of remove curse Potions h - 2 uncursed potions of extra healing D - an uncursed potion of enlightenment G - an uncursed potion of healing I - an uncursed potion of gain energy Rings p - an uncursed ring of invisibility (on left hand) Wands t - a wand of striking (0:5) H - a wand of locking (0:4) Tools j - an expensive camera (0:53) k - an uncursed credit card J - an uncursed tin whistle Gems y - an uncursed worthless piece of white glass Spells and supernatural/magical abilities: Name Level Category Fail Memory W - pray for help -- divine ? -- Your skills at the end: Fighting Skills Weapon Skills dart [Basic] Spellcasting Skills Final Attributes: You were nominally aligned. You were telepathic. You were invisible. You are dead. Vanquished creatures: a floating eye a gas spore a large kobold a hobgoblin 4 giant rats a brown mold a red mold 2 geckos 3 jackals a kobold a goblin 3 sewer rats 10 grid bugs 3 lichens 33 creatures vanquished. Voluntary challenges: You were an atheist. You never hit with a wielded weapon. You read items or engraved 7 times, starting on turn 38. You never genocided any monsters. You never polymorphed an object. You never changed form. You used no wishes. You never split a pudding. You wrote Elbereth's name 4 times, starting on turn 661. You never violated your personal moral code. Dungeon overview: The Dungeons of Doom: levels 1 to 5 Level 1 a fountain a long staircase Level 2 a general store stairs to The Gnomish Mines Level 3 Level 4 a fountain Level 5 <- You were here many fountains The Gnomish Mines: Level 3 stairs to The Dungeons of Doom History has recorded: On T:1 you entered the Dungeons of Doom to retrieve the Amulet of Yendor! On T:173 you reached level 2 of The Dungeons of Doom. On T:665 you reached level 1 of The Gnomish Mines. On T:693 you reached level 3 of The Dungeons of Doom. On T:1129 you reached level 4 of The Dungeons of Doom. On T:1337 you reached level 5 of The Dungeons of Doom. Score breakdown: Gold: 408 ( 8884 points) Experience: 1 level ( 0 points) Exploration: 5 levels ( 10.00%) ( 8571 points) Discoveries: 4 items ( 1.34%) ( 3475 points) Valuables value: (no points given unless you survive) Artifact value: 0 ( 0 points) Variety of kills: 14 monsters ( 3.67%) ( 5750 points) Turncount: 1813 turns ( 0 points) Survival: died (score multiplied by 80%) Total score: 21344 Latest messages: Blecch! Rotten food! The world spins and goes dark. You come to. You resume your meal. You finish eating the floating eye corpse. You feel a strange mental acuity. K - a scroll labeled PRATYAVAYAH. You see here a purple spellbook. You have a little trouble lifting L - a purple spellbook. Your movements are slowed slightly because of your load. You displace Armand. You stop. Armand is in the way! You displace Armand. You are beginning to feel hungry. You displace Armand. Armand bites the gas spore. The gas spore is killed! Armand is caught in the gas spore's explosion! You displace Armand. You are almost hit by a runed dagger. You see here a runed dagger. You have a little trouble lifting M - a runed dagger. You stop. Armand is in the way! The hobbit hits! (2x) You die... Final status: Aloha Zazza the Tourist, killed by a hobbit... You died in The Dungeons of Doom on dungeon level 5 with 21344 points, and 1377 pieces of gold, after 1813 moves. You were level 1 with a maximum of 10 hit points when you died.